 Dungeon Crawl Stone Soup version 0.31-a0-43-g46d131a48f (webtiles) character file.

Game seed: 11185278077677138725

3704 ytrimaz the Thrower (level 10, -3/88 HPs)
             Began as an Ogre Gladiator on May 18, 2023.
             Was an Initiate of Okawaru.
             Slain by a killer bee (5 damage)
             ... on level 8 of the Dungeon on May 19, 2023.
             The game lasted 00:11:09 (10011 turns).

ytrimaz the Thrower (Ogre Gladiator)               Turns: 10011, Time: 00:11:09

Health: -3/88      AC:  0    Str: 22    XL:     10   Next: 14%
Magic:  10/10      EV: 21    Int:  9    God:    Okawaru [......]
Gold:   489        SH:  0    Dex: 17    Spells: 9/9 levels left

rFire   . . .        a - melded +1 flail (vamp)
rCold   . . .        (shield currently unavailable)
rNeg    . . .        b - melded +0 robe
rPois   .            o - melded +1 hat
rElec   .            l - melded +2 cloak
rCorr   .            (gloves unavailable)
SInv    .            (boots unavailable)
Will    +....        (no amulet)
Stlth   ++           j - melded +6 ring of strength
HPRegen 0.34/turn    c - melded ring of protection from cold
MPRegen 0.12/turn

%: no passive effects
@: lethally poisoned (-3 -> -12), bat-form (expiring), attractive, flying, very
quick
A: fast, flying, no casting, tiny, unfitting armour, (tough skin 1)
a: Renounce Religion


You were on level 8 of the Dungeon.
You worshipped Okawaru.
Okawaru was noncommittal.
You were a bat.
You visited 2 branches of the dungeon, and saw 10 of its levels.

You collected 489 gold pieces.


Innate Abilities, Weirdness & Mutations

You are a bat.
You are tiny and dextrous.
You move quickly.
You are flying.
Your equipment is almost entirely melded.
You are incapable of wielding weapons or throwing items.
You cannot cast spells.
You are too large for most types of armour.
((You have tough skin. (AC +1)))


   Skills:
 - Level 2.6 Fighting
 + Level 7.1 Maces & Flails
 * Level 12.9 Throwing
 + Level 5.5 Armour
 - Level 4.1 Dodging


You had 9 spell levels left.
You didn't know any spells.
Your spell library contained the following spells:

 Spells                   Type           Power      Damage    Failure   Level
 Vhi's Electric Charge    Tloc/Air       0%         N/A       77%         3
 Arcjolt                  Conj/Air       0%         1d10      100%        5
 Plasma Beam              Fire/Air       0%         2x1d11    100%        6
 Summon Small Mammal      Summ           Unusable   N/A       N/A         1
 Call Canine Familiar     Summ           Unusable   N/A       N/A         3
 Summon Guardian Golem    Hex/Summ       Unusable   N/A       N/A         3

Inventory:

Hand Weapons
 a - a +1 vampiric flail (melded)
Missiles
 e - a large rock (quivered)
Armour
 b - a +0 robe (melded)
 l - a +2 cloak (melded)
   (You found it on level 1 of the Dungeon)
 o - a +1 hat (melded)
   (You found it on level 8 of the Dungeon)
Jewellery
 c - a ring of protection from cold (melded)
   (You found it on level 8 of the Dungeon)
 h - a ring of ice
   (You found it on level 1 of the Dungeon)
 j - a +6 ring of strength (melded)
   (You found it on level 1 of the Dungeon)
Wands
 i - a wand of polymorph (10)
   (You found it on level 8 of the Dungeon)
 v - a wand of charming (7)
   (You found it on level 3 of the Dungeon)
Scrolls
 d - 2 scrolls of identify
 f - 4 scrolls of amnesia {unknown}
 g - a scroll of brand weapon
 m - a scroll of magic mapping {unknown}
 n - 2 scrolls of poison {unknown}
 u - 6 scrolls of immolation
 x - 2 scrolls of fear {unknown}
 y - 4 scrolls of enchant armour {unknown}
 z - a scroll of fog {unknown}
 B - 2 scrolls of enchant weapon
Potions
 k - 2 potions of might
 q - a potion of attraction
 s - a potion of ambrosia
 w - a potion of lignification
 A - a potion of flight {unknown}

Dungeon Overview and Level Annotations

Branches:
Dungeon (9/15) Zot: 26902  Temple (1/1) D:7 Zot: 5824    Lair (0/5) D:8
    Orc: D:9-12

Altars:
Ashenzari
Cheibriados
Dithmenos
Elyvilon
Gozag
Hepliaklqana
Kikubaaqudgha
Makhleb
Nemelex Xobeh
Okawaru
Qazlal
Ru
Sif Muna
Trog
Uskayaw
Vehumet
Wu Jian
Xom
Yredelemnul
Zin
The Shining One

Shops:
D:1 *   D:2 [   D:7 =   D:8 [

Annotations:
D:9 Erica, Psyche

##.######.....### ####.####. #.#
##.......># ##...#### #.#
#.........# ##.....# ##'##
#.........# #......#
##...###.........# ##.....#
##.....###........# ##...##
#.......###.....###### #.#.##
......∩..###..>......#####....###
.....8.8.'.....yb................
......_............#.#####....###
#.......###.#...##.#.#.........#
##....<## #.#.#....#.#.###.###.#
##...## #.#.###..#.#.# #.# #.#
##'## #.#.# #..#.#.###.###.# #.#
#.#.###..#.#.........## #.#
#..........#####.##...#
##.############.#### #.##.###


You could see a killer bee.


Message History

A swirling arc of seething chaos appears!
The arc of chaos hits you!
* * * LOW HITPOINT WARNING * * *
😨 HP[-9]
You take 9 damage, and now have 44/88 hp.
Psyche hits you with a +3 dagger of distortion.
* * * LOW HITPOINT WARNING * * *
You blink. 😨 HP[-3]
You take 3 damage, and now have 41/88 hp.
Psyche casts a spell.
A swirling arc of seething chaos appears!
The arc of chaos hits you.
* * * LOW HITPOINT WARNING * * *
😨 HP[-4]
You take 4 damage, and now have 37/88 hp.
Psyche casts a spell.
A swirling arc of seething chaos appears!
The arc of chaos hits you.
You are poisoned.
* * * LOW HITPOINT WARNING * * *
😨 HP[-4]
You take 4 damage, and now have 33/88 hp.
A killer bee comes into view.
You feel sick.
A killer bee comes into view.
The killer bee moves out of view.
You feel sick.
A centaur comes into view. 😨 HP[-1]
You take 1 damage, and now have 32/88 hp.
Erica the Fiery-Tempered comes into view.
She is wielding a +2 scimitar of flaming.
You feel sick.
Erica shouts!
The killer bee buzzes angrily.
A killer bee comes into view.
You hear two shouts! 😨 HP[-1]
You take 1 damage, and now have 31/88 hp.
You feel sick.
There is a stone staircase leading down here.
You feel sick.
You are no longer poisoned. 😨 HP[-1]
You take 1 damage, and now have 30/88 hp.
The killer bee attacks as you move away!
The killer bee completely misses you. The killer bee closely misses you.
The killer bee attacks as you move away!
The killer bee closely misses you. 😨 HP[+1] 😨 HP[+1]
The killer bee attacks as you move away!
The killer bee closely misses you. 😨 HP[+1]
The killer bee misses you.
The killer bee closely misses you. 😨 HP[+1]
The killer bee attacks as you move away!
The killer bee completely misses you. The killer bee misses you.
The killer bee attacks as you move away!
The killer bee stings you.
* * * LOW HITPOINT WARNING * * *
😨 HP[-4]
You take 4 damage, and now have 30/88 hp.
The killer bee attacks as you move away!
The killer bee stings you!
* * * LOW HITPOINT WARNING * * *
😱 HP[-8]
You take 8 damage, and now have 22/88 hp.
There is a stone staircase leading up here.
The killer bee barely misses you.
You fly upwards.
There is a stone staircase leading down here. 😨 HP[+1] Unknown command.
Unknown command.
Your transformation is almost over.
The killer bee attacks as you move away!
The killer bee stings you!
* * * LOW HITPOINT WARNING * * *
You are poisoned.
The killer bee poisons you!
You feel sick. The killer bee stings you!
* * * LOW HITPOINT WARNING * * *
You are lethally poisoned!
The killer bee poisons you! 😱 HP[-16]
You take 16 damage, and now have 7/88 hp.
It was a potion of attraction.
You feel attractive to monsters.
* * * LOW HITPOINT WARNING * * *
You feel very sick. The killer bee barely misses you.
The killer bee misses you. 😱 HP[-2]
You take 2 damage, and now have 5/88 hp.
It was a potion of lignification.
You feel woody for a moment.
* * * LOW HITPOINT WARNING * * *
You feel very sick. The killer bee stings you.
You die...

Skill      XL: |  1  2  3  4  5  6  7  8  9 10 |
---------------+-------------------------------+-----
Dodging        | 3 4 |  4.1
Maces & Flails | 3 4 5 6 7 |  7.1
Throwing       | 4 5 7 10 12 | 12.9
Armour         | 1 2 4 5 |  5.5
Fighting       | |  2.6

Action                     |  1- 3 |  4- 6 |  7- 9 | 10-12 || total
---------------------------+-------+-------+-------+-------++-------
  Melee: Flail             |   100 |   262 |   333 |    44 ||   739
         Punch             |     3 |     4 |     4 |       ||    11
  Throw: Large rock        |       |       |    16 |     5 ||    21
         Throwing net      |       |       |     8 |       ||     8
    Use: Scroll            |       |     6 |     4 |     1 ||    11
         Potion            |       |       |     7 |     2 ||     9
   Stab: Invisible         |       |       |     4 |       ||     4
         Held in net/web   |       |       |     1 |       ||     1
 Armour: Robe              |    47 |   123 |   133 |    17 ||   320
  Dodge: Dodged            |    63 |   143 |   234 |    28 ||   468

Levels and vault maps discovered:
D:1:      minmay_arrival_arboretum_small, layout_basic, serial_shops, shop
D:2:      layout_loops_ring, serial_shops, nicolae_shop_pleasant_corner_grove,
          basic_ecumenical_altar, st_stairs_13, uniq_natasha
D:3:      minmay_skewed_foursquare, layout_rooms, mainiacjoe_overflow_alcove_2,
          st_stairs_8, chequers_big_river
D:4:      layout_rooms, wad_woods_river_04, due_unseen_surprise
D:5:      layout_basic, nicolae_overflow_hidden_temple
D:6:      layout_gridville, nicolae_hepliaklqana_monster_ancestors,
          grunt_temple_overflow_octagram
D:7:      layout_basic, minmay_temple_entry_from_below_a, serial_shops,
          nicolae_shop_tiny_real_fake_doors, uniq_joseph, uniq_menkaure
D:8:      layout_loops_corners, erik_lair_orcish_takeover, minmay_shop_chei,
          nicolae_titane
D:9:      layout_basic, fedhas_bush_and_centaur_altar, zombieorc2_lemuel,
          uniq_erica, uniq_psyche
Temple:   hellmonk_temple_flake

Notes
Turn   | Place    | Note
-------+----------+-------------------------------------------
     0 | D:1      | ytrimaz the Ogre Gladiator began the quest for the Orb.
     0 | D:1      | Reached XP level 1. HP: 22/22 MP: 1/1
     0 | D:1      | magus.rc [v1.9.6]
   191 | D:1      | Reached skill level 3 in Dodging
   201 | D:1      | Reached XP level 2. HP: 29/29 MP: 2/2
   303 | D:1      | Reached skill level 3 in Maces & Flails
   450 | D:1      | Found Wealeos's General Store.
   599 | D:1      | Reached XP level 3. HP: 33/36 MP: 3/3
   779 | D:1      | You pick up a book of Callings and begin reading...
   779 | D:1      | You add the spells Summon Small Mammal, Call Canine
                  | Familiar and Summon Guardian Golem to your library.
  1203 | D:2      | Reached XP level 4. HP: 36/44 MP: 4/4
  1292 | D:2      | Noticed Natasha
  1298 | D:2      | Killed Natasha
  1518 | D:2      | Found a faded altar of an unknown god.
  1596 | D:2      | Reached skill level 4 in Dodging
  1798 | D:2      | You pick up a book of Lightning and begin reading...
  1798 | D:2      | You add the spells Vhi's Electric Charge, Arcjolt and
                  | Plasma Beam to your library.
  1833 | D:2      | Found Iruhuc's Armour Boutique.
  2128 | D:3      | Reached XP level 5. HP: 48/50 MP: 5/5
  2552 | D:3      | Reached skill level 3 in Throwing
  2749 | D:3      | Found a shimmering blue altar of Sif Muna.
  2761 | D:3      | Identified a scroll of acquirement
  2761 | D:3      | Acquired a manual of Throwing
  3164 | D:4      | Reached skill level 4 in Throwing
  3164 | D:4      | Reached skill level 1 in Armour
  3164 | D:4      | Reached XP level 6. HP: 59/59 MP: 6/6
  3453 | D:4      | Reached skill level 4 in Maces & Flails
  3869 | D:5      | Entered Level 5 of the Dungeon
  3883 | D:5      | Reached skill level 5 in Throwing
  4385 | D:5      | Reached skill level 2 in Armour
  4385 | D:5      | Reached XP level 7. HP: 63/66 MP: 7/7
  4582 | D:5      | Reached skill level 6 in Throwing
  4872 | D:5      | Found a sacrificial altar of Ru.
  4874 | D:5      | Found a glowing golden altar of the Shining One.
  4956 | D:5      | Reached skill level 7 in Throwing
  5495 | D:6      | Reached XP level 8. HP: 74/74 MP: 8/8
  5516 | D:6      | Found a hide-covered altar of Uskayaw.
  5523 | D:6      | Found a burning altar of Makhleb.
  5530 | D:6      | Found a shimmering altar of Xom.
  5535 | D:6      | Found a white marble altar of Elyvilon.
  5546 | D:6      | Found an ancient bone altar of Kikubaaqudgha.
  5557 | D:6      | Found an ornate altar of the Wu Jian Council.
  5568 | D:6      | Found an opulent altar of Gozag.
  5644 | D:6      | Reached skill level 5 in Maces & Flails
  5644 | D:6      | Reached skill level 8 in Throwing
  5644 | D:6      | Reached skill level 3 in Armour
  6372 | D:6      | Reached skill level 9 in Throwing
  6408 | D:6      | Found a hazy altar of Hepliaklqana.
  6450 | D:7      | HP: 17/74 [poisoned by a water moccasin]
  6460 | D:7      | HP: 16/74 [water moccasin (8)]
  6465 | D:7      | HP: 9/74 [poisoned by a water moccasin]
  6715 | D:7      | Noticed Menkaure
  6716 | D:7      | Killed Menkaure
  6717 | D:7      | Reached skill level 10 in Throwing
  6764 | D:7      | Found a staircase to the Ecumenical Temple.
  6828 | D:7      | Reached skill level 4 in Armour
  6828 | D:7      | Reached XP level 9. HP: 48/80 MP: 9/9
  6959 | D:7      | Found Etismod's Jewellery Boutique.
  7214 | D:7      | Reached skill level 6 in Maces & Flails
  7390 | D:7      | Reached skill level 11 in Throwing
  7694 | D:7      | Noticed Joseph
  7707 | D:7      | Killed Joseph
  7960 | D:8      | Found a snail-covered altar of Cheibriados.
  7960 | D:8      | Found Cheibriados's Comfort Zone.
  8019 | D:8      | HP: 19/80 [poisoned by a killer bee]
  8023 | D:8      | HP: 9/80 [killer bee (7)]
  8219 | D:8      | Reached skill level 12 in Throwing
  8409 | D:8      | Reached skill level 5 in Armour
  8410 | D:8      | HP: 20/80 [poisoned by a killer bee]
  8438 | D:8      | HP: 19/80 [something (2)]
  8444 | D:8      | HP: 14/80 [something (1)]
  8453 | D:8      | HP: 11/80 [something/magic dart (5)]
  8663 | D:8      | Found a staircase to the Lair.
  8755 | D:8      | Reached XP level 10. HP: 83/88 MP: 10/10
  9158 | D:8      | Reached skill level 7 in Maces & Flails
  9674 | Temple   | Entered the Ecumenical Temple
  9838 | Temple   | Became a worshipper of Warmaster Okawaru
  9857 | D:8      | magus.rc [v1.9.6]
  9932 | D:9      | Noticed Psyche
  9977 | D:9      | Noticed Erica
 10004 | D:9      | HP: 22/88 [killer bee (8)]
 10009 | D:8      | HP: 16/88 [killer bee (7)]
 10009 | D:8      | HP: 7/88 [killer bee (7)]
 10011 | D:8      | HP: 2/88 [poisoned by a killer bee]
 10011 | D:8      | Slain by a killer bee

Vanquished Creatures
  Joseph (D:7)
  A hornet (D:9)
  3 wargs (D:8)
  Menkaure (D:7)
  4 water moccasins
  An ice beast (D:7)
  A black bear (D:5)
  2 centaurs
  A phantom (D:5)
  A kobold brigand (D:6)
  3 bullfrogs
  A scorpion (D:4)
  5 wights (D:7)
  4 killer bees (D:8)
  5 howler monkeys
  5 hounds
  3 jellies
  4 orc priests (D:8)
  A sleepcap (D:4)
  4 iguanas
  6 orc wizards
  Natasha (D:2)
  15 adders
  A white imp (D:7)
  An ufetubus (D:7)
  A worm (D:3)
  28 orcs
  6 endoplasms
  4 giant cockroaches
  8 goblins
  7 hobgoblins
  11 jackals
  9 kobolds
  A quokka (D:1)
  5 ball pythons
  3 bats
  3 frilled lizards
  6 rats
  A spectral kobold (D:6)
168 creatures vanquished.

Vanquished Creatures (others)
  A howler monkey (D:9)
1 creature vanquished.

Grand Total: 169 creatures vanquished

Table legend:
 A = Non-vault XP
 B = Vault XP
 C = Vault XP percentage of total XP
 D = Non-vault monster count
 E = Vault monster count
 F = Vault count percentage of total count
                 A         B        C        D         E       F
            +---------+---------+-------+---------+---------+-------
      Total |    3920 |    1372 |  25.9 |     143 |      26 |  15.4
            +---------+---------+-------+---------+---------+-------
        D:1 |      44 |       0 |   0.0 |      25 |       0 |   0.0
        D:2 |      62 |      49 |  44.1 |      16 |       4 |  20.0
        D:3 |      43 |      50 |  53.8 |       9 |       9 |  50.0
        D:4 |     246 |       0 |   0.0 |      14 |       0 |   0.0
        D:5 |     577 |       0 |   0.0 |      23 |       0 |   0.0
        D:6 |     709 |       3 |   0.4 |      19 |       2 |   9.5
        D:7 |    1057 |     612 |  36.7 |      14 |       2 |  12.5
        D:8 |     719 |     658 |  47.8 |      19 |       9 |  32.1
        D:9 |     463 |       0 |   0.0 |       4 |       0 |   0.0
            +---------+---------+-------+---------+---------+-------

Skill      XL: |  1  2  3  4  5  6  7  8  9 10 |
---------------+-------------------------------+-----
Dodging        | 3 4 |  4.1
Maces & Flails | 3 4 5 6 7 |  7.1
Throwing       | 4 5 7 10 12 | 12.9
Armour         | 1 2 4 5 |  5.5
Fighting       | |  2.6

Action                     |  1- 3 |  4- 6 |  7- 9 | 10-12 || total
---------------------------+-------+-------+-------+-------++-------
  Melee: Flail             |   100 |   262 |   333 |    44 ||   739
         Punch             |     3 |     4 |     4 |       ||    11
  Throw: Large rock        |       |       |    16 |     5 ||    21
         Throwing net      |       |       |     8 |       ||     8
    Use: Scroll            |       |     6 |     4 |     1 ||    11
         Potion            |       |       |     7 |     2 ||     9
   Stab: Invisible         |       |       |     4 |       ||     4
         Held in net/web   |       |       |     1 |       ||     1
 Armour: Robe              |    47 |   123 |   133 |    17 ||   320
  Dodge: Dodged            |    63 |   143 |   234 |    28 ||   468

Illustrated notes

Table legend:
 A = Kills in this place as a percentage of kills in the entire game.
 B = Kills by you in this place as a percentage of kills by you in the entire game.
 C = Kills by friends in this place as a percentage of kills by friends in the entire game.
 D = Other kills in this place as a percentage of other kills in the entire game.
 E = Experience gained in this place as a percentage of experience gained in the entire game.
 F = Experience gained in this place divided by the number of levels of this place that you have seen.
                   A       B       C       D       E      F
               +-------+-------+-------+-------+-------+----------------------
         Total | 100.0 | 100.0 |   N/A | 100.0 | 100.0 | 529.2
       Dungeon | 100.0 | 100.0 |   N/A | 100.0 | 100.0 | 588.0
               +-------+-------+-------+-------+-------+----------------------

Table legend: (Time is in decaauts)
 A = Elapsed time spent in this place.
 B = Non-inter-level travel time spent in this place.
 C = Inter-level travel time spent in this place.
 D = Time resting spent in this place.
 E = Time spent auto-exploring this place.
 F = Levels seen in this place.
 G = Mean time per level.
                   A        B        C        D        E       F      G
               +--------+--------+--------+--------+--------+-----+--------+
         Total |  10129 |   9577 |    552 |      7 |   7809 |  10 | 1012.9 |
       Dungeon |   9953 |   9427 |    526 |      7 |   7672 |   9 | 1105.9 |
        Temple |    175 |    149 |     26 |      0 |    137 |   1 |  175.0 |
               +--------+--------+--------+--------+--------+-----+--------+

Top non-repeatable levels by time:
     D:8: 1765 daAuts
     D:7: 1559 daAuts
     D:5: 1415 daAuts
     D:6: 1185 daAuts
     D:3: 1104 daAuts
     D:1: 1047 daAuts
     D:2: 1031 daAuts
     D:4: 752 daAuts
  Temple: 175 daAuts
     D:9: 92 daAuts
